 Dungeon Crawl Stone Soup version 0.22.1-1-ga44c0e56f4 (webtiles) character file.

41 Jynx the Insei (level 3, 0/23 HPs)
             Began as an Octopode Transmuter on Nov 4, 2018.
             Killed from afar by Sigmund (5 damage)
             ... with a magic dart
             ... on level 2 of the Dungeon.
             The game lasted 00:04:16 (1443 turns).

Jynx the Insei (Octopode Transmuter)                Turns: 1443, Time: 00:04:16

Health: 0/23       AC:  6    Str:  9    XL:     3   Next: 52%
Magic:  6/6        EV: 19    Int: 15    God:
Gold:   58         SH:  0    Dex: 13    Spells: 0/6 levels left

rFire    + + .     SeeInvis .     - Unarmed
rCold    + + .     Gourm    .   (shield currently unavailable)
rNeg     + + +     Faith    .   (helmet currently unavailable)
rPois    ∞         Spirit   .   (amulet currently unavailable)
rElec    +         Reflect  .   (ring currently unavailable)
rCorr    +         Harm     .   (ring currently unavailable)
MR       .....                  (ring currently unavailable)
Stlth    +.........             (ring currently unavailable)
HPRegen  0.07/turn              (ring currently unavailable)
MPRegen  0.10/turn              (ring currently unavailable)
                                (ring currently unavailable)
                                (ring currently unavailable)

@: confused, wisp-form, flying, quick
A: tiny, almost no armour, stealthy swim, (amphibious), (8 rings), (constrict 8)
a: no special abilities


You were on level 2 of the Dungeon.
You were not hungry.
You were an insubstantial wisp.
You visited 1 branch of the dungeon, and saw 2 of its levels.

You collected 58 gold pieces.

Inventory:

Missiles
 a - 10 arrows
Scrolls
 f - a scroll of identify
 l - 2 scrolls of enchant armour
Potions
 d - a potion of haste {unknown}
 g - a potion of mutation {unknown}
 h - a potion of lignification {unknown}
 i - a potion of heal wounds {unknown}
 j - a potion of might {unknown}
 k - a potion of flight {unknown}
 n - a potion of curing {unknown}
Comestibles
 b - 2 chunks of flesh
 c - 4 rations


   Skills:
 - Level 1.0 Fighting
 - Level 2.0 Dodging
 + Level 3.3 Unarmed Combat
 + Level 2.4 Spellcasting
 * Level 3.0 Transmutations


You couldn't memorise any spells.
You knew the following spells:

 Your Spells              Type           Power        Failure   Level  Hunger
a - Beastly Appendage     Tmut           ##....       6%          1    #......
b - Sticks to Snakes      Tmut           ##......     9%          2    ###....
c - Spider Form           Tmut/Pois      #.........   34%         3    ###....

Your spell library contained the following spells:

 Spells                   Type           Power        Failure   Level  Hunger
 Ice Form                 Ice/Tmut       #.......     75%         4    #####..
 Blade Hands              Tmut           ##........   86%         5    ######.


Dungeon Overview and Level Annotations

Branches:
Dungeon (2/15)

Altars:

Annotations:
D:2 Sigmund


Innate Abilities, Weirdness & Mutations

You cannot wear most types of armour.
You are very stealthy in the water. (Stealth+)
((You are amphibious.))
((You can wear up to eight rings at the same time.))
((You can use your tentacles to constrict eight enemies at once.))
((Your skin changes colour to match your surroundings (Stealth+).))
((Your rubbery body absorbs attacks. (AC +1, EV +1)))


Message History

Magic restored.
You start resting.
Sigmund is too close now for your liking.
Sigmund shouts!
As you read the scroll labeled ROUJIU IJUWN, it crumbles to dust.
You feel blessed for a moment.
It was a scroll of remove curse.
Sigmund zaps a wand.
You turn into an insubstantial wisp.
It is a wand of polymorph (10).
Sigmund gestures at you while chanting. You resist with significant effort.
Sigmund points at you and mumbles some strange words.
You are confused.
Sigmund closely misses you.
Sigmund casts a spell.
Sigmund flickers and vanishes!
Deactivating autopickup; reactivate with Ctrl-A.
You're too confused to move!
A magic dart appears from out of thin air!
The magic dart hits you!
You die...

#.. #.# ##.. ####### #.#
#..# #.....####.#
#####..###.....#....# # ##
#........#.......####.##...
#........#.....######....#
#........#.....#......#
##...)...........#...##
#........v....###.###
#.............###.########
#......................)..
#..............#######....
#........#####..######....
########## ##.........##
#########... #... #...


There were no monsters in sight!

Vanquished Creatures
  An adder (D:2)
  A worm (D:2)
  3 dart slugs
  2 giant cockroaches
  5 goblins (D:2)
  A hobgoblin (D:1)
  A kobold (D:1)
  A ball python (D:1)
  3 bats
  2 frilled lizards
  5 rats
25 creatures vanquished.

Notes
Turn   | Place    | Note
-------+----------+-------------------------------------------
     0 | D:1      | Jynx the Octopode Transmuter began the quest for the Orb.
     0 | D:1      | Reached XP level 1. HP: 13/13 MP: 3/3
   226 | D:1      | Reached XP level 2. HP: 16/18 MP: 3/5
   586 | D:2      | Noticed a phantom
   598 | D:1      | Learned a level 2 spell: Sticks to Snakes
  1070 | D:2      | Reached XP level 3. HP: 20/23 MP: 4/6
  1344 | D:2      | Noticed Sigmund
  1378 | D:2      | Learned a level 3 spell: Spider Form
  1380 | D:2      | HP: 1/23 [Sigmund/magic dart (5)]
  1443 | D:2      | Killed from afar by Sigmund

Skill      XL: |  1  2  3 |
---------------+----------+-----
Transmutations | 3 |  3.0
Fighting       | |  1.0
Dodging        | |  2.0
Unarmed Combat | |  3.3
Spellcasting   | |  2.4

Action                   || total
-------------------------++-------
Melee: Unarmed           ||    50
       Constrict         ||    14
       Kick              ||     9
       Tentacles         ||     9
 Cast: Beastly Appendage ||    11
       Sticks to Snakes  ||     2
  Use: Scroll            ||     3
 Stab: Sleeping          ||     1
  Eat: Chunk             ||     2
Armor: Skin              ||     5
Dodge: Dodged            ||    35
